 Dungeon Crawl Stone Soup version 0.14-a0-1837-g7fb8695 (webtiles) character file.

144 M4edhros the Vexing (level 4, -5/28 HPs)
             Began as an Octopode Arcane Marksman on Jan 10, 2014.
             Slain by an ogre
             ... wielding a +0,+0 giant club
              (21 damage)
             ... while paralysed by a potion of paralysis
             ... on Level 5 of the Dungeon.
             The game lasted 00:02:41 (1253 turns).

M4edhros the Vexing (Octopode Arcane Marksman)      Turns: 1253, Time: 00:02:42

HP  -5/28        AC  1     Str 10      XL: 4   Next: 60%
MP   7/7         EV  2     Int 16      God:
Gold 52          SH  0     Dex 11      Spells:  1 memorised,  6 levels left

rFire  . . .     SeeInvis .     b - +0 sling
rCold  . . .     Clarity  .     j - +0 buckler
rNeg   . . .     Conserve .     (helmet restricted)
rPois  .         rCorr    .     q - amulet of faith
rElec  .         rRot     .     (no ring)
SustAb . .       Spirit   .     (no ring)
rMut   .         Warding  .     (no ring)
Saprov . . .     Stasis   .     (no ring)
                                (no ring)
                                (no ring)
                                (no ring)
                                (no ring)

@: paralysed, slightly resistant to hostile enchantments, fairly stealthy
A: almost no armour, amphibious, 8 rings, constrict 8, camouflage 1, gelatinous
body 1
a: no special abilities


You were on level 5 of the Dungeon.
You were very hungry.

You visited 1 branch of the dungeon, and saw 5 of its levels.

You collected 52 gold pieces.

Inventory:

Hand weapons
 b - a +0,+0 sling (weapon)
 k - a -1,+1 orcish spear
Missiles
 c - 13 sling bullets
 h - 24 stones (quivered)
Armour
 j - a +0 buckler (worn)
Comestibles
 f - a bread ration
 i - an apple
Jewellery
 q - an amulet of faith (around mantle)
Potions
 e - a potion of heal wounds
 g - a potion of paralysis
 p - a potion of curing {unknown}
Books
 d - a book of Debilitation

   Spells                             Type                      Level
   *Corona                            Hexes                        1
   Slow                               Hexes                        2
   Inner Flame                        Hexes/Fire                   3
   Enslavement                        Hexes                        4
   Cause Fear                         Hexes                        4
   Leda's Liquefaction                Hexes/Earth                  4


   Skills:
 - Level 1.0 Fighting
 + Level 2.9 Slings
 + Level 2.6 Dodging
 + Level 0.6 Shields
 * Level 2.2 Spellcasting
 + Level 3.5 Hexes


You had 6 spell levels left.
You knew the following spells:

 Your Spells              Type           Power        Failure   Level  Hunger
a - Corona                Hex            ##.....      6%          1    #......


Dungeon Overview and Level Annotations

Branches:
Dungeon (5/16)
 Temple: D:4-7

Altars:

Shops:
D:4 :


Innate Abilities, Weirdness & Mutations

You cannot wear most types of armour.
You are amphibious.
You can wear up to eight rings at the same time.
You can use your tentacles to constrict many enemies at once.
Your skin changes colour to match your surroundings (Stlth).
Your rubbery body absorbs attacks (AC +1).


Message History

You climb downwards.
An ogre comes into view. It is wielding a giant club.
The ogre shouts!
There is a stone staircase leading up here.
You aren't carrying any items that can be evoked.
Read which item? (? for menu, Esc to quit)
As you read the scroll labeled ISUNLOAXYTT, it crumbles to dust.
Use on which item? (\ to view known items) (? for menu, Esc to quit)
q - an amulet of faith (around mantle) It was a scroll of identify.
The orc wizard hits you with an orcish dagger.
You aren't carrying any items that can be evoked.
Drink which item? (? for menu, Esc to quit)
You suddenly lose the ability to move!
It was a potion of paralysis.
The orc wizard hits you but does no damage.
The orc wizard hits you but does no damage.
The orc wizard hits you with an orcish dagger.
The ogre hits you with a giant club!
Ouch! That really hurt!
You die... ###########..# #...O@o....... #.#########..#

You could see an ogre and an orc wizard.

Vanquished Creatures
  A hound (D:4)
  2 adders (D:2)
  4 orcs (D:3)
  6 giant cockroaches
  7 goblins
  A hobgoblin (D:1)
  3 jackals (D:1)
  10 bats
  2 giant geckos
  A giant newt (D:1)
  2 kobolds
  2 rats (D:4)
41 creatures vanquished.

Notes
Turn   | Place    | Note
--------------------------------------------------------------
     0 | D:1      | M4edhros, the Octopode Arcane Marksman, began the quest for the Orb.
     0 | D:1      | Reached XP level 1. HP: 13/13 MP: 2/2
   196 | D:1      | Reached XP level 2. HP: 8/18 MP: 3/3
   797 | D:2      | Reached XP level 3. HP: 23/23 MP: 5/5
   997 | D:3      | Reached XP level 4. HP: 28/28 MP: 7/7
  1245 | D:4      | Found Bohekhli's Book Shoppe.
  1246 | D:4      | Noticed an ogre
  1249 | D:5      | Entered Level 5 of the Dungeon
  1249 | D:5      | Noticed an ogre
  1251 | D:5      | Paralysed by a potion of paralysis for 7 turns
  1253 | D:5      | Slain by an ogre

Action                   |  1- 3 |  4- 6 || total
-------------------------+-------+-------++-------
 Fire: Sling             |    84 |    21 ||   105
  Use: Potion            |     2 |     1 ||     3
       Scroll            |       |     9 ||     9
